 Dungeon Crawl Stone Soup version 0.23.0 (webtiles) character file.

Game seed: 7337058186295936163

120043 LLavrengius the Warrior (level 16, -2/220 HPs)
             Began as a Merfolk Monk on Feb 15, 2019.
             Was the Champion of Okawaru.
             Slain by a salamander (8 damage)
             ... on level 2 of the Snake Pit.
             The game lasted 02:15:57 (27332 turns).

LLavrengius the Warrior (Merfolk Monk)             Turns: 27332, Time: 02:15:58

Health: -2/220     AC: 15    Str: 36    XL:     16   Next: 81%
Magic:  0/23       EV: 24    Int: 10    God:    Okawaru [******]
Gold:   1555       SH:  0    Dex: 19    Spells: 6/15 levels left

rFire    . . .     SeeInvis +   a - +12 halberd "Ofang" {venom, rC- Str+4 Stlth+}
rCold    + . .     Gourm    .   (shield currently unavailable)
rNeg     + . .     Faith    .   R - +3 chain mail {rN+}
rPois    +         Spirit   +   e - +0 helmet {SInv}
rElec    .         Reflect  .   E - scarf {Spirit}
rCorr    .         Harm     .   S - +0 pair of gloves of Benevolence {Str+2}
MR       ++++.                  l - +0 pair of boots
Stlth    ..........             H - amulet "Midosin" {*Drain MR+++ Regen+ Str+5 Dex+3}
HPRegen  0.86/turn              Z - ring "Minab" {rPois rC++ Str+5 Int-3}
MPRegen  0.18/turn              V - +4 ring of evasion

@: berserking, lethally poisoned (-2 -> -2), very quick
A: change form in water, swift swim, stealthy swim
a: Heroism, Finesse, Renounce Religion


You were on level 2 of the Snake Pit.
You worshipped Okawaru.
Okawaru was exalted by your worship.
You were hungry.

You visited 5 branches of the dungeon, and saw 27 of its levels.
You also visited: Ice Cave.

You collected 3399 gold pieces.
You spent 1844 gold pieces at shops.

Inventory:

Hand Weapons
 a - the +12 halberd "Ofang" (weapon) {venom, rC- Str+4 Stlth+}
   (Okawaru gifted it to you on level 6 of the Lair of Beasts)

   It poisons the flesh of those it strikes.
   It affects your strength (+4).
   It makes you vulnerable to cold.
   It makes you more stealthy.
 b - a +3 demon trident of electrocution
 q - the +9 glaive "Acarine's Funeral" {freeze, rF++ Int+3 Dex+3}
   (Okawaru gifted it to you on level 1 of the Lair of Beasts)

   It has been specially enchanted to freeze those struck by it, causing extra
   injury to most foes and up to half again as much damage against particularly
   susceptible opponents.
   It can also slow down cold-blooded creatures.
   It affects your intelligence (+3).
   It affects your dexterity (+3).
   It greatly protects you from fire.
 u - a +0 blowgun
Missiles
 f - 4 throwing nets
 k - 13 javelins (quivered)
 D - 11 curare-tipped needles
Armour
 e - a +0 helmet of see invisible (worn)
 l - a +0 pair of boots (worn)
 E - a scarf of spirit shield (worn)
 R - a +3 chain mail of positive energy (worn)
 S - the +0 pair of gloves of Benevolence (worn) {Str+2}
   (You acquired it on level 14 of the Dungeon)

   It affects your strength (+2).
Jewellery
 w - an uncursed ring of flight
 C - the ring "Bahuos Ossu" {Fire rN+ Slay+3}
   (You took it off an orc on level 4 of the Dungeon)

   [ring of fire]

   It enhances your fire magic.
   It affects your accuracy and damage with ranged weapons and melee attacks
   (+3).
   It protects you from fire.
   It makes you vulnerable to cold.
   It protects you from negative energy.
 H - the amulet "Midosin" (around neck) {*Drain MR+++ Regen+ Str+5 Dex+3}
   (You found it in an ice cave)

   [amulet of regeneration]

   It affects your strength (+5).
   It affects your dexterity (+3).
   It affects your resistance to hostile enchantments.
   It increases your rate of regeneration.
   It causes draining when unequipped.
 U - an uncursed ring of resist corrosion
 V - a +4 ring of evasion (right hand)
 Z - the ring "Minab" (left hand) {rPois rC++ Str+5 Int-3}
   (You found it on level 5 of the Lair of Beasts)

   [ring of strength]

   It affects your strength (+5).
   It affects your intelligence (-3).
   It greatly protects you from cold.
   It protects you from poison.
Wands
 d - a wand of digging (12)
 t - a wand of acid (11)
 y - a wand of flame (47)
 F - a wand of disintegration (29)
 I - a wand of enslavement (10)
 J - a wand of scattershot (10)
 K - a wand of iceblast (49)
Scrolls
 g - a scroll of fear
 h - a scroll of enchant weapon
 n - 3 scrolls of blinking
 o - 6 scrolls of immolation
 p - 19 scrolls of remove curse
 s - 4 scrolls of fog
 v - 2 scrolls of amnesia
 L - a scroll of vulnerability
 P - 8 scrolls of teleportation
 Y - 2 scrolls of enchant armour
Potions
 i - a potion of berserk rage
 j - 2 potions of cancellation
 m - a potion of invisibility
 r - 3 potions of agility
 z - a potion of magic
 A - 3 potions of lignification
 B - 4 potions of haste
 G - 5 potions of ambrosia
 M - 10 potions of curing
 N - 3 potions of brilliance
 O - 2 potions of resistance
 T - 4 potions of might
 W - 2 potions of mutation
 X - 2 potions of flight
Miscellaneous
 x - a phial of floods
Comestibles
 c - 49 rations


   Skills:
 + Level 19.6 Fighting
 + Level 16.8 Polearms
 - Level 8.0 Throwing
 - Level 4.0 Armour
 + Level 13.8 Dodging
 - Level 2.1 Stealth
 - Level 2.0 Necromancy
 - Level 9.3 Transmutations
 - Level 6.0 Invocations
 - Level 10.0 Evocations


You had 6 spell levels left.
You knew the following spells:

 Your Spells              Type           Power        Failure   Level  Hunger
a - Regeneration          Chrm/Necr      #.........   96%         3    ####...
b - Statue Form           Tmut/Erth      #........    100%        6    #######

Your spell library contained the following spells:

 Spells                   Type           Power        Failure   Level  Hunger
 Animate Skeleton         Necr           N/A          54%         1    ##.....
 Pain                     Necr           #...         54%         1    ##.....
 Corona                   Hex            #......      82%         1    ##.....
 Flame Tongue             Conj/Fire      #....        82%         1    ##.....
 Magic Dart               Conj           #...         82%         1    ##.....
 Summon Small Mammal      Summ           #...         82%         1    ##.....
 Vampiric Draining        Necr           #.........   88%         3    ####...
 Call Imp                 Summ           #.......     91%         2    ###....
 Searing Ray              Conj           #.....       91%         2    ###....
 Slow                     Hex            #.......     91%         2    ###....
 Throw Flame              Conj/Fire      #.....       91%         2    ###....
 Call Canine Familiar     Summ           #.......     99%         3    ####...
 Conjure Flame            Conj/Fire      #.......     99%         3    ####...
 Dazzling Spray           Conj/Hex       #.....       99%         3    ####...
 Inner Flame              Hex/Fire       #.......     99%         3    ####...
 Portal Projectile        Hex/Tloc       #.....       99%         3    ####...
 Recall                   Summ/Tloc      N/A          99%         3    ####...
 Summon Guardian Golem    Hex/Summ       #.......     99%         3    ####...
 Animate Dead             Necr           N/A          99%         4    #####..
 Irradiate                Conj/Tmut      #.........   99%         5    ######.
 Hydra Form               Tmut           ###.......   99%         6    #######
 Cause Fear               Hex            #.........   100%        4    #####..
 Force Lance              Conj/Tloc      #.......     100%        4    #####..
 Fulminant Prism          Conj/Hex       #.........   100%        4    #####..
 Iskenderun's Mystic Bla  Conj           #.......     100%        4    #####..
 Leda's Liquefaction      Hex/Erth       #.........   100%        4    #####..
 Sticky Flame             Conj/Fire      #.......     100%        4    #####..
 Summon Ice Beast         Ice/Summ       #.......     100%        4    #####..
 Summon Lightning Spire   Summ/Air       #.......     100%        4    #####..
 Aura of Abjuration       Summ           #.........   100%        5    ######.
 Fireball                 Conj/Fire      #.........   100%        5    ######.
 Summon Demon             Summ           #.........   100%        5    ######.
 Summon Forest            Summ/Tloc      #.........   100%        5    ######.
 Summon Mana Viper        Hex/Summ       #.......     100%        5    ######.
 Shadow Creatures         Summ           N/A          100%        6    #######
 Dragon Form              Tmut           ###.......   100%        7    #######


Dungeon Overview and Level Annotations

Branches:
Dungeon (15/15)            Temple (1/1) D:4            Lair (6/6) D:11
  Swamp (0/4) Lair:4        Snake (3/4) Lair:4        Slime (0/5) Lair:5
    Orc (2/2) D:9             Elf (0/3) Orc:2        Vaults (0/5) D:13
 Depths (0/5) D:15

Altars:
Ashenzari
Cheibriados
Dithmenos
Elyvilon
Fedhas
Gozag
Hepliaklqana
Kikubaaqudgha
Makhleb
Nemelex Xobeh
Okawaru
Qazlal
Ru
Sif Muna
Trog
Uskayaw
Vehumet
Wu Jian
Xom
Yredelemnul
Zin
The Shining One
Beogh
Jiyva

Shops:
D:10 !   D:12 =[(   D:15 (   Orc:2 :[*(   Snake:2 =}}

Annotations:
D:8 3 runed translucent doors, Jabberih's ghost, novice DrWz
Lair:2 exclusion: 4 oklob plants


Message History

You are engulfed in flames!
* * * LOW HITPOINT WARNING * * *
The black mamba completely misses you.
A red film seems to cover your vision as you go berserk!
You feel yourself moving faster!
You feel mighty! The salamander hits you.
* * * LOW HITPOINT WARNING * * *
You are engulfed in flames!
* * * LOW HITPOINT WARNING * * *
The black mamba barely misses you.
The salamander mystic hits you but does no damage.
You impale the salamander mystic!!
The salamander mystic is heavily wounded.
The sentinel's mark upon you fades away.
The black mamba closely misses you. The salamander barely misses you.
The salamander mystic completely misses you.
Unknown command.
You slash the salamander mystic!
The salamander mystic is poisoned.
The salamander mystic is severely wounded.
The black mamba closely misses you. The salamander hits you!
You die...

### ##### # ## ###
####.##########...### .######.#
#.##N....##........##
##......#####.#N@S....#.#...#'#..
##.........#..#.†....##.#...#.##.
#...................##..#####..##
#...........###.#..##..^........#
#........[..##.........♣..>..♣...
...........###....###...........#
...........##.......##..#####..##
.....................##.#...#.##.
......>...##..........#.#.###'##.


You could see a salamander mystic, a salamander and a black mamba.

Vanquished Creatures
  Rupert (Orc:2)
  Asterion (Snake:1)
  Frances (D:13)
  Kirke (Lair:4)
  A fire giant (D:15)
  A nagaraja (Snake:2)
  A frost giant (D:14)
  Nessos (Lair:4)
  Azrael (Orc:2)
  An ettin (D:14)
  A yaktaur captain (D:14)
  The ghost of EnegeticOcto the Cruncher, a journeyman FoFi of Zin (D:15)
  Josephine (D:12)
  Fannar (D:10)
  2 hydras
  4 naga warriors
  5 centaur warriors
  2 ice dragons (IceCv)
  6 anacondas
  Erica (Lair:1)
  3 two-headed ogres
  4 tengu warriors
  3 shock serpents (Snake:2)
  2 orc high priests (Orc:2)
  Sonja (Lair:4)
  2 naga sharpshooters (Snake:2)
  10 skeletal warriors
  3 unseen horrors
  2 naga ritualists
  A deep elf mage (D:15)
  4 ugly things (D:14)
  4 orc sorcerers (Orc:2)
  An oklob plant (D:13)
  A salamander (shapeshifter) (D:13)
  5 salamanders
  2 manticores (D:15)
  6 mana vipers
  2 cyclopes
  4 elephants (Lair:5)
  A guardian serpent (Snake:2)
  3 centaur zombies
  A moth of wrath (shapeshifter) (D:14)
  6 naga magi
  17 black mambas
  2 ice statues (IceCv)
  A gargoyle (D:14)
  23 spiny frogs
  A kobold demonologist (D:12)
  7 rime drakes
  4 komodo dragons
  2 efreet (D:14)
  6 trolls
  4 tengu conjurers
  4 tyrant leeches (Lair:6)
  23 blink frogs
  11 hippogriffs
  4 shadows
  A fire elemental (Orc:2)
  5 basilisks
  A basilisk (shapeshifter) (D:13)
  7 wraiths
  39 yaks
  3 hogs (Lair:4)
  7 vampire mosquitoes
  A hungry ghost (D:7)
  A steam dragon (D:9)
  2 wargs (Orc:1)
  13 nagas
  A swamp worm (shapeshifter) (D:13)
  A soldier ant (D:15)
  Duvessa (D:5)
  6 hell hounds
  7 water moccasins
  14 porcupines
  24 orc warriors
  23 ice beasts
  2 black bears (Lair:5)
  2 eyes of draining (D:13)
  3 phantoms
  4 sky beasts
  A necrophage (D:12)
  28 wolves
  5 boggarts
  11 ogres
  14 centaurs
  2 big kobolds
  8 crocodiles
  27 bullfrogs
  A gnoll sergeant (D:9)
  Dowan (D:5)
  17 killer bees
  3 scorpions
  11 wights
  3 howler monkeys
  7 electric eels
  3 crimson imps
  41 orc priests
  A bullfrog skeleton (D:12)
  Crazy Yiuf (D:2)
  3 hounds
  4 jellies
  36 orc wizards
  7 centaur skeletons
  4 iguanas
  15 worker ants
  3 hound zombies
  3 hound skeletons
  A worker ant zombie (D:6)
  8 gnolls
  17 adders
  3 shadow imps
  An adder zombie (D:6)
  An ooze (D:1)
  6 worms
  4 dart slugs
  5 leopard geckos
  106 orcs
  A ball python (D:4)
  7 giant cockroaches
  11 goblins
  6 hobgoblins
  14 jackals
  6 quokkas
  5 bats
  5 frilled lizards
  14 kobolds
  A leopard gecko skeleton (D:4)
  10 rats
874 creatures vanquished.

Vanquished Creatures (others)
  A vampire mosquito (D:14)
  A sky beast (D:14)
  A jelly (D:14)
  2 orcs
  7 fungi
  34 plants
46 creatures vanquished.

Grand Total: 920 creatures vanquished

Notes
Turn   | Place    | Note
-------+----------+-------------------------------------------
     0 | D:1      | LLavrengius the Merfolk Monk began the quest for the Orb.
     0 | D:1      | Reached XP level 1. HP: 18/18 MP: 1/1
   173 | D:1      | Reached XP level 2. HP: 24/24 MP: 2/2
   766 | D:1      | Found a sparkling altar of Nemelex Xobeh.
   768 | D:1      | Found an ancient bone altar of Kikubaaqudgha.
   768 | D:1      | Found an opulent altar of Gozag.
   770 | D:1      | Found a shimmering altar of Xom.
   770 | D:1      | Found a shimmering altar of Xom.
   770 | D:1      | Found a glowing silver altar of Zin.
   775 | D:1      | Reached skill level 5 in Polearms
   775 | D:1      | Reached XP level 3. HP: 30/30 MP: 3/3
  1073 | D:2      | Reached skill level 4 in Fighting
  1252 | D:2      | Reached XP level 4. HP: 22/37 MP: 4/4
  1464 | D:2      | Reached skill level 5 in Dodging
  1713 | D:2      | Found a runed translucent door.
  1714 | D:2      | Noticed Crazy Yiuf
  1781 | D:2      | Killed Crazy Yiuf
  1781 | D:2      | Reached XP level 5. HP: 15/43 MP: 0/5
  2254 | D:2      | Found a stormy altar of Qazlal.
  3025 | D:3      | Reached skill level 5 in Fighting
  3025 | D:3      | Reached XP level 6. HP: 47/51 MP: 6/6
  3820 | D:4      | Found a staircase to the Ecumenical Temple.
  3846 | Temple   | Entered the Ecumenical Temple
  4040 | Temple   | Became a worshipper of Warmaster Okawaru
  4040 | Temple   | Reached * piety under Okawaru
  4040 | Temple   | Reached ** piety under Okawaru
  4142 | D:4      | Reached XP level 7. HP: 56/56 MP: 7/7
  4291 | D:4      | Identified the ring "Bahuos Ossu" {Fire rN+ Slay+3}
  4575 | D:5      | Entered Level 5 of the Dungeon
  4732 | D:5      | Reached skill level 1 in Invocations
  4738 | D:5      | Reached skill level 1 in Armour
  4884 | D:5      | Noticed Dowan
  4885 | D:5      | Noticed Duvessa
  4907 | D:5      | Killed Dowan
  4907 | D:5      | Reached skill level 6 in Fighting
  4913 | D:5      | Killed Duvessa
  4913 | D:5      | Reached XP level 8. HP: 27/64 MP: 9/9
  6396 | D:6      | Found an ancient bone altar of Kikubaaqudgha.
  6399 | D:6      | Found a glowing golden altar of the Shining One.
  6411 | D:6      | Found a bloodstained altar of Trog.
  6414 | D:6      | Found a deep blue altar of Sif Muna.
  6489 | D:6      | Reached *** piety under Okawaru
  7194 | D:7      | Reached skill level 7 in Fighting
  7194 | D:7      | Reached XP level 9. HP: 67/72 MP: 10/12
  8067 | D:7      | Reached **** piety under Okawaru
  8240 | D:8      | Noticed a two-headed ogre
  8265 | D:8      | Killed a two-headed ogre
  8265 | D:8      | Reached skill level 10 in Polearms
  8265 | D:8      | Reached skill level 5 in Invocations
  8322 | D:8      | Reached skill level 8 in Fighting
  8326 | D:8      | Reached XP level 10. HP: 67/80 MP: 14/14
  8405 | D:8      | Reached ***** piety under Okawaru
  8499 | D:8      | Noticed Jabberih's ghost (novice DrWz)
  8502 | D:8      | Found a runed translucent gate.
  8502 | D:8      | Found a runed translucent gate.
  8502 | D:8      | Found a runed translucent gate.
  8583 | D:8      | Found a hide-covered altar of Uskayaw.
  9051 | D:8      | Learned a level 3 spell: Regeneration
  9153 | D:9      | Reached skill level 10 in Dodging
  9239 | D:9      | Found a snail-covered altar of Cheibriados.
  9285 | D:9      | Reached skill level 1 in Necromancy
  9524 | D:9      | Received a gift from Okawaru
  9566 | D:9      | Found an opulent altar of Gozag.
  9827 | D:9      | Reached skill level 9 in Fighting
  9862 | D:9      | Found a staircase to the Orcish Mines.
  9874 | D:9      | Found a roughly hewn altar of Beogh.
 10298 | D:10     | Entered Level 10 of the Dungeon
 10304 | D:10     | Noticed a centaur warrior
 10416 | D:9      | Killed a centaur warrior
 10448 | D:9      | Reached XP level 11. HP: 69/89 MP: 10/15
 10533 | D:9      | Reached skill level 10 in Fighting
 10777 | D:10     | Noticed Fannar
 10816 | D:10     | Killed Fannar
 10925 | D:10     | Found Ydaptef's Distillery.
 10933 | D:10     | Bought a potion of invisibility for 104 gold pieces
 10933 | D:10     | Bought a potion of resistance for 130 gold pieces
 10933 | D:10     | Bought a potion of agility for 52 gold pieces
 10933 | D:10     | Bought a potion of berserk rage for 65 gold pieces
 11229 | D:10     | Reached skill level 11 in Fighting
 11567 | D:11     | Received a gift from Okawaru
 11848 | D:11     | Found a staircase to the Lair.
 12446 | D:12     | Noticed a skeletal warrior
 12446 | D:12     | Noticed a skeletal warrior
 12446 | D:12     | Noticed a skeletal warrior
 12448 | D:12     | Noticed a skeletal warrior
 12564 | Lair:1   | Entered Level 1 of the Lair of Beasts
 12579 | Lair:1   | Reached skill level 1 in Evocations
 12624 | Lair:1   | Noticed a five-headed hydra
 12886 | Lair:1   | Killed a five-headed hydra
 12924 | Lair:1   | Reached XP level 12. HP: 39/102 MP: 16/16
 13228 | Lair:2   | Reached skill level 12 in Fighting
 13233 | Lair:2   | Identified a scroll of acquirement
 13299 | Lair:2   | Reached skill level 15 in Polearms
 13400 | Lair:1   | Noticed Erica
 13411 | Lair:1   | Killed Erica
 13494 | Lair:1   | Received a gift from Okawaru
 13497 | Lair:1   | Got a pitted glaive {god gift}
 13498 | Lair:1   | Identified the +9 glaive "Acarine's Funeral" {freeze, rF++
                  | Int+3 Dex+3} (Okawaru gifted it to you on level 1 of the
                  | Lair of Beasts)
 13922 | Lair:2   | Reached skill level 5 in Evocations
 13974 | Lair:2   | Found a hide-covered altar of Uskayaw.
 14632 | Lair:3   | Reached skill level 13 in Fighting
 14931 | Lair:3   | Received a gift from Okawaru
 14980 | Lair:3   | Got a brightly glowing bardiche
 14981 | Lair:3   | Identified the +2 bardiche of Vijapsosh {chaos, *Drain
                  | +Blink rN+++ MR-} (You found it on level 3 of the Lair of
                  | Beasts)
 15360 | Lair:3   | Reached XP level 13. HP: 109/112 MP: 16/18
 15604 | Lair:4   | Noticed Sonja
 15628 | Lair:4   | Killed Sonja
 15737 | Lair:4   | Reached skill level 14 in Fighting
 15740 | Lair:4   | Reached skill level 1 in Throwing
 15778 | Lair:4   | Found a frozen archway.
 15820 | IceCv    | Entered an ice cave
 16102 | IceCv    | Noticed an ice dragon
 16102 | IceCv    | Noticed an ice dragon
 16114 | IceCv    | Killed an ice dragon
 16127 | IceCv    | Killed an ice dragon
 16134 | IceCv    | Got a shimmering pewter amulet
 16135 | IceCv    | Identified the amulet "Midosin" {*Drain MR+++ Regen+ Str+5
                  | Dex+3} (You found it in an ice cave)
 16388 | Lair:4   | Found a staircase to the Snake Pit.
 16544 | Lair:4   | Noticed Kirke
 16573 | Lair:4   | Killed Kirke
 16596 | Lair:4   | Received a gift from Okawaru
 16937 | Lair:4   | Noticed Nessos
 16942 | Lair:4   | Killed Nessos
 16942 | Lair:4   | Reached skill level 15 in Fighting
 17014 | Lair:4   | Found a staircase to the Swamp.
 17262 | Lair:5   | Found a staircase to the Slime Pits.
 17262 | Lair:5   | Found a viscous altar of Jiyva.
 17270 | Lair:5   | Reached ****** piety under Okawaru
 17331 | Lair:5   | Received a gift from Okawaru
 17385 | Lair:5   | You fall through a shaft!
 17385 | Lair:6   | Entered Level 6 of the Lair of Beasts
 17424 | Lair:6   | Received a gift from Okawaru
 17485 | Lair:6   | Reached XP level 14. HP: 44/123 MP: 4/21
 17490 | Lair:6   | Reached skill level 5 in Throwing
 17760 | Lair:6   | Received a gift from Okawaru
 17765 | Lair:6   | Got a dazzling halberd {god gift}
 17772 | Lair:6   | Identified the +12 halberd "Ofang" {venom, rC- Str+4
                  | Stlth+} (Okawaru gifted it to you on level 6 of the Lair of
                  | Beasts)
 17824 | Lair:6   | Reached skill level 16 in Fighting
 18377 | Lair:6   | Reached skill level 10 in Evocations
 18507 | Lair:5   | Received a gift from Okawaru
 18539 | Lair:5   | Got a smoking pewter ring
 18540 | Lair:5   | Identified the ring "Minab" {rPois rC++ Str+5 Int-3} (You
                  | found it on level 5 of the Lair of Beasts)
 19197 | Orc:1    | Entered Level 1 of the Orcish Mines
 19697 | Orc:2    | Entered Level 2 of the Orcish Mines
 19697 | Orc:2    | Found a staircase to the Elven Halls.
 19830 | Orc:2    | Noticed Rupert
 19847 | Orc:2    | Killed Rupert
 20110 | Orc:2    | Reached skill level 17 in Fighting
 20117 | Orc:2    | Found Buluicee's Armour Shop.
 20117 | Orc:2    | Found Jarevul's Book Shop.
 20117 | Orc:2    | Found Boziuxel's Assorted Antiques.
 20124 | Orc:2    | Found Ogotum's Weapon Boutique.
 20143 | Orc:2    | Received a gift from Okawaru
 20282 | Orc:2    | Noticed Azrael
 20345 | Orc:2    | Killed Azrael
 20502 | Orc:2    | Found a roughly hewn altar of Beogh.
 20633 | Orc:2    | Bought runed fire dragon scales for 1449 gold pieces
 20757 | D:12     | Found Techere's Antique Armour Boutique.
 20916 | D:12     | Noticed Josephine
 20936 | D:12     | Reached XP level 15. HP: 113/134 MP: 19/22
 20941 | D:12     | Killed Josephine
 21001 | D:12     | Learned a level 6 spell: Statue Form
 21066 | D:12     | Found Ditwo's Jewellery Shoppe.
 21110 | D:12     | Reached skill level 1 in Transmutations
 21420 | D:12     | Found Uxainayl's Weapon Shop.
 21956 | D:13     | Reached skill level 18 in Fighting
 22004 | D:13     | Found a shimmering altar of Xom.
 22145 | D:13     | Found a gate to the Vaults.
 22146 | D:13     | Identified the cursed +2 long sword "Dideetet" {antimagic,
                  | Str+3 SInv}
 22414 | D:13     | Noticed Frances
 22439 | D:13     | Killed Frances
 22743 | D:14     | Received a gift from Okawaru
 23044 | D:14     | Received a gift from Okawaru
 23044 | D:14     | Reached skill level 5 in Transmutations
 23051 | D:14     | Got a pair of encrusted gloves
 23062 | D:14     | Identified the +0 pair of gloves of Benevolence {Str+2}
                  | (You acquired it on level 14 of the Dungeon)
 23063 | D:14     | Got a warped bardiche {god gift}
 23079 | D:14     | Noticed a frost giant
 23088 | D:14     | Killed a frost giant
 23191 | D:14     | Identified the +1 bardiche "Etuam" {speed, rElec rN+ Dex+3}
                  | (Okawaru gifted it to you on level 14 of the Dungeon)
 23790 | D:14     | Received a gift from Okawaru
 24074 | D:15     | Entered Level 15 of the Dungeon
 24169 | D:15     | Found a glowing golden altar of the Shining One.
 24248 | D:15     | Found a staircase to the Depths.
 24259 | D:15     | Noticed a fire giant
 24268 | D:15     | Killed a fire giant
 24391 | D:15     | Reached XP level 16. HP: 145/145 MP: 23/23
 24529 | D:15     | Found Cosoetui's Weapon Shop.
 24561 | D:15     | Found a large runed translucent door.
 24562 | D:15     | Found a large runed translucent door.
 24562 | D:15     | Noticed EnegeticOcto's ghost (journeyman FoFi)
 24575 | D:15     | Killed EnegeticOcto's ghost
 24575 | D:15     | Received a gift from Okawaru
 24806 | Snake:1  | Entered Level 1 of the Snake Pit
 24811 | Snake:1  | Reached skill level 19 in Fighting
 25142 | Snake:1  | You fall through a shaft!
 25507 | Snake:1  | Received a gift from Okawaru
 25768 | Snake:1  | Noticed Asterion
 25777 | Snake:1  | Killed Asterion
 25918 | Snake:2  | Found a transporter.
 26736 | Snake:2  | Found Ixtaq's Gadget Shoppe.
 26736 | Snake:2  | Found a transporter.
 26747 | Snake:2  | Found Wasu Roh's Gadget Shoppe.
 26748 | Snake:2  | Found Poklop's Jewellery Boutique.
 26757 | Snake:2  | Bought a cursed -2 ring of dexterity for 22 gold pieces
 26757 | Snake:2  | Bought a cursed -6 ring of strength for 22 gold pieces
 27029 | Snake:2  | Noticed a nagaraja
 27052 | Snake:2  | Killed a nagaraja
 27194 | Snake:2  | Got an encrusted spear
 27195 | Snake:2  | Identified the +2 spear of Division {holy, rN+ Str-2 Dex+3}
                  | (You found it on level 2 of the Snake Pit)
 27212 | Snake:2  | Got a glittering copper ring
 27214 | Snake:2  | Identified the ring "Ceucust" {*Tele Str+5 Int+4} (You
                  | found it on level 2 of the Snake Pit)
 27221 | Snake:2  | Got a warped granite ring
 27223 | Snake:2  | Identified the ring "Gehues" {rC- AC+2 Int+5} (You found it
                  | on level 2 of the Snake Pit)
 27286 | Snake:3  | Noticed a nagaraja
 27291 | Snake:3  | Received a gift from Okawaru
 27330 | Snake:2  | HP: 6/220 [salamander (10)]
 27332 | Snake:2  | Slain by a salamander

Skill      XL: |  1  2  3  4  5  6  7  8  9 10 11 12 13 14 15 16 |
---------------+-------------------------------------------------+-----
Polearms       | 5 6 7 8 9 10 12 14 15 16 | 16.8
Fighting       | 4 5 6 7 8 9 11 13 15 17 18 19 | 19.6
Dodging        | 5 6 7 8 9 11 13 | 13.8
Invocations    | 2 4 5 6 |  6.0
Armour         | 1 2 3 4 |  4.0
Necromancy     | 2 |  2.0
Evocations     | 2 7 9 10 | 10.0
Throwing       | 4 7 8 |  8.0
Transmutations | 7 9 |  9.3
Stealth        | |  2.1

Action                   |  1- 3 |  4- 6 |  7- 9 | 10-12 | 13-15 | 16-18 || total
-------------------------+-------+-------+-------+-------+-------+-------++-------
Melee: Spear             |   155 |   362 |       |       |       |       ||   517
       Halberd           |       |    45 |    22 |    63 |   210 |    31 ||   371
       Trident           |       |       |   322 |   843 |       |       ||  1165
       Punch             |       |       |     1 |     1 |       |       ||     2
       Glaive            |       |       |       |   170 |   952 |   233 ||  1355
       Demon trident     |       |       |       |    53 |       |       ||    53
       Tailslap          |       |       |       |       |     8 |       ||     8
Throw: Javelin           |       |       |       |       |     4 |       ||     4
Invok: Heroism           |       |       |     1 |     5 |     6 |     3 ||    15
       Finesse           |       |       |       |     3 |     3 |     2 ||     8
Evoke: Wand              |       |       |       |     5 |     3 |       ||     8
  Use: Potion            |       |       |     3 |     1 |     6 |     3 ||    13
       Scroll            |       |       |       |    21 |    19 |     3 ||    43
 Stab: Distracted        |       |       |       |     1 |       |       ||     1
       Invisible         |       |       |       |     2 |     4 |       ||     6
  Eat: Chunk             |     1 |    19 |    22 |    15 |    30 |     5 ||    92
       Ration            |       |       |     1 |       |       |     1 ||     2
Armor: Chain mail        |    56 |   177 |   167 |   361 |   371 |    55 ||  1187
       Skin              |       |     4 |       |       |       |       ||     4
Dodge: Dodged            |    33 |   110 |   161 |   399 |   642 |   212 ||  1557
